 Dungeon Crawl Stone Soup version 0.27.0-1-g7a089689b8 (webtiles) character file.

Game seed: 5472523053802289239

12 Spectrina the Magician (level 2, 0/21 HPs)
             Began as a Djinni Necromancer on Aug 17, 2021.
             Was a Follower of Okawaru.
             Slain by a goblin (4 damage)
             ... on level 3 of the Dungeon.
             The game lasted 00:03:32 (357 turns).

Spectrina the Magician (Djinni Necromancer)          Turns: 357, Time: 00:03:33

Health: 0/21       AC:  2    Str:  7    XL:     2   Next: 45%
Gold:   48         EV: 12    Int: 16    God:    Okawaru [*.....] SH:  0 Dex: 13

rFire    + + .     SeeInvis .   f - +1 short sword (venom)
rCold    x . .     Faith    .   (no shield)
rNeg     . . .     Spirit   .   a - +0 robe
rPois    ∞         Reflect  .   (no helmet)
rElec    .         Harm     .   (no cloak)
rCorr    .         Rampage  .   (no gloves)
Will     .....                  (boots unavailable)
Stlth    ++........             (no amulet)
HPRegen  0.07/turn              (no ring)
MPRegen  0.00/turn              (no ring)

@: flying
A: sickness immunity, fire resistance 2, cold vulnerability 1, float, innate
caster, hp casting, extra vitality 1
a: Renounce Religion, Heroism


You were on level 3 of the Dungeon.
You worshipped Okawaru.
Okawaru was aware of your devotion.
You visited 1 branch of the dungeon, and saw 3 of its levels.

You collected 48 gold pieces.

Inventory:

Hand Weapons
 b - a +0 dagger
 f - a +1 short sword of venom (weapon)
Missiles
 c - 30 stones
 g - 4 poisoned darts (quivered)
Armour
 a - a +0 robe (worn)
Scrolls
 e - a scroll of blinking {unknown}
Potions
 d - a potion of degeneration {unknown}


   Skills:
 - Level 2.1 Dodging
 - Level 1.5 Stealth
 + Level 3.7 Spellcasting


You couldn't memorise any spells.
You knew the following spells:

 Your Spells              Type           Power      Damage    Failure   Level
a - Pain                  Necr           56%        1d6       3%          1
c - Vampiric Draining     Necr           7%         2d7       12%         3
d - Animate Dead          Necr           7%         N/A       36%         4
e - Agony                 Necr           14%        N/A       71%         5
m - Animate Skeleton      Necr           28%        N/A       3%          1
Your spell library was empty.

Dungeon Overview and Level Annotations

Branches:
Dungeon (3/15)

Altars:
Okawaru
Zin


Innate Abilities, Weirdness & Mutations

You are immune to sickness and miasma.
You are immune to poison.
Your flesh is very heat resistant. (rF++)
You are vulnerable to cold. (rC-)
You float through the air rather than walking.
You learn spells naturally, not from books.
Your magical power is your life essence.
You have superior vitality. (+4 HP)


Message History

Okay, then.
Unknown command.
Throw: 4 darts (poison)
Press: ? - help, Q - select action, (/) - cycle Shift-Dir - straight line, f - goblin
Aim: a goblin, wielding a +0 dagger (asleep, 98% to hit)
You throw a poisoned dart. The poisoned dart hits the goblin.
The goblin is poisoned.
The goblin shouts!
Throw: 3 darts (poison)
Press: ? - help, Q - select action, (/) - cycle Shift-Dir - straight line, f/p - goblin
Aim: a goblin, wielding a +0 dagger (poisoned, 47% to hit)
You throw a poisoned dart.
The poisoned dart closely misses the goblin.
Throw: 2 darts (poison)
Press: ? - help, Q - select action, (/) - cycle Shift-Dir - straight line, f/p - goblin
Aim: a goblin, wielding a +0 dagger (poisoned, 47% to hit)
You throw a poisoned dart. The poisoned dart misses the goblin.
Casting: Pain (safe; 3% risk of failure)
Confirm with . or Enter, or press ? or * to list all spells.
Aiming: Pain (safe; 3% risk of failure)
Press: ? - help, Shift-Dir - straight line, f/p - goblin
Aim: a goblin, wielding a +0 dagger (heavily wounded, poisoned, chance to affect: 85%)
The goblin writhes in agony.
* * * LOW HITPOINT WARNING * * *
You kill the goblin!
Okawaru accepts your kill.
Things that are here:
a +0 dagger; a goblin corpse
g - 4 poisoned darts (gained 3) Saving game... please wait.
Welcome back, Spectrina the Djinni Necromancer.
Okawaru says: Bring me glory in combat!
Press ? for a list of commands and other information.
Things that are here:
a +0 dagger; a goblin corpse
Found a book of Frost.
A goblin comes into view. It is wielding a +0 dagger.
The goblin shouts!
The goblin hits you with a +0 dagger.
You die...

...........###
##.........# #..
..:..# #.#
#....# #.#
###....### #.#
#.'.......
#####.###.#....#
#..............#
#@#######.#.####
#...g...# #.#.#
#.#####.#
#.#.###### # #
#.#.......
#.#.###### #.###
...


You could see a goblin.

Vanquished Creatures
  4 ball pythons (D:1)
  3 goblins
  A hobgoblin (D:3)
  A kobold (D:3)
  A bat (D:3)
  A rat (D:1)
11 creatures vanquished.

Notes
Turn   | Place    | Note
-------+----------+-------------------------------------------
     0 | D:1      | Spectrina the Djinni Necromancer began the quest for the
                  | Orb.
     0 | D:1      | Reached XP level 1. HP: 15/15 MP: 0/0
     0 | D:1      | Noticed an orb of fire
     1 | D:1      | Noticed an iron dragon
     3 | D:1      | Noticed an ice dragon
     5 | D:1      | Noticed a shadow dragon
     7 | D:1      | Noticed a shadow dragon
     8 | D:1      | Noticed a large abomination
    10 | D:1      | Noticed an orb of fire
    13 | D:1      | Noticed an ice dragon
    14 | D:1      | Noticed an ice dragon
    16 | D:1      | Noticed a large abomination
    16 | D:1      | Noticed a shadow dragon
    18 | D:1      | Noticed a shadow dragon
    18 | D:1      | Noticed a shadow dragon
    20 | D:1      | Noticed a tentacled monstrosity
    74 | D:1      | Found a faded altar of an unknown god.
    91 | D:1      | Reached XP level 2. HP: 2/21 MP: 0/0
    98 | D:1      | Became a worshipper of Warmaster Okawaru
    98 | D:1      | Reached * piety under Okawaru
   242 | D:3      | Found a glowing silver altar of Zin.
   357 | D:3      | Slain by a goblin

Illustrated notes

Levels and vault maps discovered:
D:1:      shiori_arrival_whats_in_store_for_you, layout_basic,
          hellmonk_ecumenical_altar_leap_of_faith, grunt_decor_mini_mirrors,
          minivault_14
D:2:      layout_basic
D:3:      layout_basic, worldfamousw_hep_ancestral_shrine,
          mainiacjoe_overflow_concentric_impassable,
          lemuel_coloured_pillars_altar, minmay_vboxes

Action                   || total
-------------------------++-------
Melee: Dagger            ||     1
Throw: Dart              ||     3
 Cast: Pain              ||    17
Armor: Robe              ||     2
Dodge: Dodged            ||     4
